 Dungeon Crawl Stone Soup version 0.28-a0-1128-gb845255321 (webtiles) character file.

Game seed: 14350259243708062860

3131 LadyOphelia the Protected (level 9, -7/78 HPs)
             Began as a Minotaur Berserker on Dec 1, 2021.
             Was an Elder of Trog.
             Killed by divine providence
             ... invoked by an orc priest
              (13 damage)
             ... on level 7 of the Dungeon on Dec 12, 2021.
             The game lasted 00:35:07 (7673 turns).

LadyOphelia the Protected (Minotaur Berserker)      Turns: 7673, Time: 00:35:09

Health: -7/78      AC: 14    Str: 26    XL:     9   Next: 61%
Magic:  8/8        EV: 11    Int:  4    God:    Trog [****..]
Gold:   258        SH:  0    Dex: 10    Spells: 8/8 levels left

rFire   . . .      SeeInvis .   g - +0 short sword (freeze)
rCold   . . .      Faith    +   (no shield)
rNeg    . . .      Spirit   .   i - +2 scale mail
rPois   .          Reflect  .   (helmet restricted)
rElec   .          Harm     .   (no cloak)
rCorr   .          Rampage  .   c - +2 pair of gloves
Will    .....                   (no boots)
Stlth   ..........              f - amulet of faith
HPRegen 0.23/turn               (no ring)
MPRegen 0.11/turn               (no ring)

@: no status effects
A: horns 2, retaliatory headbutt
a: Renounce Religion, Berserk, Trog's Hand, Brothers in Arms


You were on level 7 of the Dungeon.
You worshipped Trog.
Trog was greatly pleased with you.
You visited 1 branch of the dungeon, and saw 7 of its levels.

You collected 302 gold pieces.
You spent 44 gold pieces at shops.

Inventory:

Hand Weapons
 b - a +0 short sword
 g - a +0 short sword of freezing (weapon)
Missiles
 k - 2 throwing nets
Armour
 c - a +2 pair of gloves (worn)
 i - a +2 scale mail (worn)
Jewellery
 f - an amulet of faith (around neck)
 n - an amulet of magic regeneration
Wands
 j - a wand of digging (1)
 l - a wand of flame (22) (quivered)
 t - a wand of paralysis (2)
Scrolls
 a - a scroll of enchant armour
 d - 4 scrolls of fear
 q - a scroll of enchant weapon {unknown}
 s - 5 scrolls of identify
Potions
 e - 3 potions of flight {unknown}
 m - 2 potions of attraction
 o - a potion of might
 p - 4 potions of degeneration
 r - 2 potions of mutation {unknown}
 u - a potion of invisibility {unknown}
 v - a potion of curing {unknown}
 w - a potion of lignification {unknown}


   Skills:
 + Level 6.8 Fighting
 * Level 9.8 Short Blades
 - Level 4.1 Axes
 * Level 10.7 Armour
 - Level 2.3 Dodging


You had 8 spell levels left.
You didn't know any spells.
Your spell library was empty.

Dungeon Overview and Level Annotations

Branches:
Dungeon (7/15)             Temple (0/1) D:5

Altars:
Cheibriados
Yredelemnul

Shops:
D:2 [

Portals:
Bailey: D:7


Innate Abilities, Weirdness & Mutations

You have a pair of horns on your head.
You reflexively headbutt those who attack you in melee.


Message History

An orc comes into view. It is wielding a +0 mace.
The gnoll shaman mumbles some strange prayers to its god against you.
You easily resist.
The orc shouts!
A gnoll comes into view. It is wielding a +0 halberd.
The orc priest calls down the wrath of Beogh upon you.
Beogh smites you!
As you read the scroll of teleportation, it crumbles to dust.
You feel strangely unstable. Something hits you but does no damage.
Your surroundings suddenly seem different.
A gnoll comes into view. It is wielding a +0 flail.
The gnoll shouts!
You hear a shout! x2
The orc hits you but does no damage. The gnoll barely misses you.
You hit the orc. You freeze the orc. You headbutt the orc, but do no damage.
The orc is heavily wounded.
The gnoll barely misses you. The orc closely misses you.
The gnoll hits you with a +0 halberd!
* * * LOW HITPOINT WARNING * * *
The gnoll shaman hits you but does no damage.
You hit the orc. You freeze the orc. You headbutt the orc.
You kill the orc!
Trog accepts your kill.
The orc priest miscasts a cantrip.
The gnoll hits you with a +0 flail.
* * * LOW HITPOINT WARNING * * *
The gnoll barely misses you. You furiously retaliate!
You headbutt the gnoll! The gnoll closely misses you. x2
Things that are here:
a +0 mace; a +0 scale mail The gnoll closely misses you.
The gnoll hits you with a +0 flail.
* * * LOW HITPOINT WARNING * * *
The orc priest hits you with a +0 mace.
* * * LOW HITPOINT WARNING * * *
The orc priest mumbles some strange prayers to Beogh against you.
Beogh smites you!
* * * LOW HITPOINT WARNING * * *
The gnoll shaman barely misses you.
The orc priest calls down the wrath of Beogh upon you.
Beogh smites you!
You die...

# #.# #..##[# #.# #.####..##.#
###.#####. ...........# .........
########.###### #...
.....(####......>....... ....
#<...!...#.######.###### #..#
#..##.##.#.######.#####. #..#
##.g##.##.#..........##.# #..#
###.).ggg.@....#####<#.##.# ##..#
#...oo##.##.##.#####.#....#
.!..###.....#...#.#........#####.
#..........)...†))).####### ##
#..###.....#...####)# # #..#
#............#.# #
#.............###.#.# #######
#.####.######## #.# ####...... #.
...# #.###.....##.#


You could see a gnoll shaman, an orc priest, 3 gnolls and an orc.

Vanquished Creatures
  A centaur zombie (D:6)
  Grinder (D:4)
  Eustachio (D:5)
  Menkaure (D:4)
  A water moccasin (D:5)
  An orc warrior (D:7)
  A sky beast (D:6)
  2 black bears
  2 ogres
  A centaur (D:6)
  A phantom (D:6)
  A kobold brigand (D:6)
  A bullfrog (D:7)
  A gnoll sergeant (D:7)
  4 scorpions
  2 water moccasin zombies (D:5)
  5 howler monkeys
  2 bullfrog zombies (D:6)
  2 orc priests
  4 hounds
  2 bullfrog skeletons
  3 centaur skeletons
  2 iguanas
  2 orc wizards
  2 hound skeletons (D:4)
  12 gnolls
  6 adders
  2 white imps
  An ufetubus (D:6)
  2 adder skeletons (D:4)
  4 worms
  A dart slug (D:2)
  16 orcs
  5 endoplasms
  2 giant cockroaches (D:4)
  A goblin (D:1)
  6 hobgoblins
  4 jackals (D:3)
  4 quokkas
  2 ball pythons
  7 bats
  3 frilled lizards (D:1)
  13 kobolds
  5 rats
  A spectral orc (D:6)
143 creatures vanquished.

Vanquished Creatures (others)
  An orc wizard (D:4)
  4 toadstools (D:7)
5 creatures vanquished.

Grand Total: 148 creatures vanquished

Notes
Turn   | Place    | Note
-------+----------+-------------------------------------------
     0 | D:1      | LadyOphelia the Minotaur Berserker began the quest for the
                  | Orb.
     0 | D:1      | Reached XP level 1. HP: 19/19 MP: 0/0
   235 | D:1      | Reached XP level 2. HP: 25/27 MP: 1/1
  1578 | D:2      | Reached XP level 3. HP: 32/34 MP: 2/2
  1673 | D:2      | Reached ** piety under Trog
  1697 | D:2      | Found Eppath's Armour Emporium.
  1707 | D:2      | Bought a +0 scale mail for 44 gold pieces
  1831 | D:2      | Reached skill level 1 in Short Blades
  2232 | D:3      | Found a faded altar of an unknown god.
  2236 | D:3      | Reached skill level 3 in Armour
  2249 | D:3      | Reached XP level 4. HP: 7/41 MP: 3/3
  3725 | D:4      | Noticed Menkaure
  3729 | D:4      | Noticed an ogre
  3731 | D:4      | Reached XP level 5. HP: 44/47 MP: 4/4
  3734 | D:4      | Killed Menkaure
  3735 | D:4      | Reached skill level 5 in Fighting
  3735 | D:4      | Reached skill level 4 in Armour
  3740 | D:4      | Killed an ogre
  3741 | D:4      | Reached skill level 5 in Armour
  3741 | D:4      | Reached XP level 6. HP: 56/56 MP: 5/5
  3829 | D:4      | Noticed Grinder
  3887 | D:4      | Paralysed by Grinder for 5 turns
  3897 | D:4      | Paralysed by Grinder for 7 turns
  3925 | D:4      | Killed Grinder
  3926 | D:4      | Reached skill level 5 in Short Blades
  3926 | D:4      | Reached skill level 6 in Armour
  3926 | D:4      | Reached XP level 7. HP: 8/61 MP: 6/6
  4249 | D:4      | Reached *** piety under Trog
  4597 | D:5      | Entered Level 5 of the Dungeon
  4826 | D:5      | Reached skill level 7 in Armour
  4962 | D:5      | Reached XP level 8. HP: 47/70 MP: 7/7
  5354 | D:5      | Upgraded the game from 0.28-a0-969-g2dcde036d2 to
                  | 0.28-a0-1128-gb845255321
  5362 | D:5      | Noticed Eustachio
  5372 | D:5      | Killed Eustachio
  5373 | D:5      | Reached skill level 8 in Armour
  5580 | D:5      | Found a staircase to the Ecumenical Temple.
  5952 | D:6      | Reached skill level 9 in Armour
  6002 | D:6      | Reached XP level 9. HP: 52/77 MP: 8/8
  6169 | D:6      | Reached **** piety under Trog
  6398 | D:6      | Reached skill level 10 in Armour
  6884 | D:6      | Found a basalt altar of Yredelemnul.
  7119 | D:7      | Found a flagged portal.
  7503 | D:7      | Found a snail-covered altar of Cheibriados.
  7673 | D:7      | Killed from afar by an orc priest

Illustrated notes

Levels and vault maps discovered:
D:1:      dpeg_arrival_arbitrary_c, layout_basic, minmay_ruptured
D:2:      wad_pebble_path, layout_loops_ring, serial_shops, nicolae_shop_stone
D:3:      layout_loops_corners, hellmonk_ecumenical_altar_dog_temple,
          minmay_misc_feat_four_crosses, nicolae_wormholes
D:4:      layout_cave_pools, kennysheep_cluttered_room, uniq_menkaure,
          uniq_grinder
D:5:      layout_rooms, minmay_temple_entry_glassed_door, grunt_ministairs_3,
          uniq_eustachio
D:6:      layout_basic, yredelemnul_forgotten_temple_becter
D:7:      layout_loops_ring, mainiacjoe_overflow_small_starburst,
          enter_bailey_1, minmay_gold_behind_fungi

Skill      XL: |  1  2  3  4  5  6  7  8  9 |
---------------+----------------------------+-----
Axes           | 4 |  4.1
Fighting       | 4 5 6 |  6.8
Short Blades   | 1 2 3 5 6 8 9 |  9.8
Armour         | 3 5 6 7 9 10 | 10.7
Dodging        | |  2.3

Action                   |  1- 3 |  4- 6 |  7- 9 || total
-------------------------+-------+-------+-------++-------
Melee: Hand axe          |    31 |       |       ||    31
       Headbutt          |    13 |    18 |    81 ||   112
       Short sword       |    39 |    80 |   277 ||   396
Invok: Berserk           |     1 |     1 |       ||     2
  Use: Scroll            |     6 |     3 |     3 ||    12
       Potion            |     4 |     1 |       ||     5
Armor: Animal skin       |     5 |       |       ||     5
       Scale mail        |    11 |    56 |   149 ||   216
       Skin              |       |     3 |       ||     3
Dodge: Dodged            |    67 |    47 |   136 ||   250

Table legend: (Time is in decaauts)
 A = Elapsed time spent in this place.
 B = Non-inter-level travel time spent in this place.
 C = Inter-level travel time spent in this place.
 D = Time resting spent in this place.
 E = Time spent auto-exploring this place.
 F = Levels seen in this place.
 G = Mean time per level.
                   A        B        C        D        E       F      G
               +--------+--------+--------+--------+--------+-----+--------+
         Total |   7592 |   7567 |     25 |   1763 |   3806 |   7 | 1084.6 |
       Dungeon |   7592 |   7567 |     25 |   1763 |   3806 |   7 | 1084.6 |
               +--------+--------+--------+--------+--------+-----+--------+

Top non-repeatable levels by time:
     D:3: 1494 daAuts
     D:1: 1444 daAuts
     D:6: 1318 daAuts
     D:5: 1137 daAuts
     D:4: 1035 daAuts
     D:2: 612 daAuts
     D:7: 550 daAuts
